 Dungeon Crawl Stone Soup version 0.30-a0-627-gc11e7ae810 (webtiles) character file.

Game seed: 2379068550069408772

82 Decipherer the Trooper (level 4, -2/61 HPs)
             Began as a Minotaur Berserker on Jan 12, 2023.
             Was a Believer of Trog.
             Slain by a goblin
             ... wielding a +0 club
             ... led by Robin
              (5 damage)
             ... while paralysed by Grinder
             ... on level 3 of the Dungeon.
             The game lasted 00:00:57 (1554 turns).

Decipherer the Trooper (Minotaur Berserker)         Turns: 1554, Time: 00:00:57

Health: -2/61      AC:  2    Str: 23    XL:     4   Next: 21%
Magic:  3/3        EV:  2    Int:  4    God:    Trog [**....]
Gold:   68         SH:  0    Dex: 10    Spells: 3/3 levels left

rFire   . . .      SeeInvis .    a - +0 mace
rCold   . . .      Faith    .    o - +0 buckler
rNeg    . . .      Spirit   .    b - +0 animal skin
rPois   .          Reflect  .    (helmet restricted)
rElec   .          Harm     .    (no cloak)
rCorr   .          Rampage  .    (no gloves)
Will    .....                    (no boots) Stlth
                                 r - amulet of the acrobat
HPRegen 0.30/turn                (no ring)
MPRegen 0.08/turn                (no ring)

@: paralysed, berserking (expiring)
A: horns 2, retaliatory headbutt
a: Renounce Religion, Berserk, Trog's Hand


You were on level 3 of the Dungeon.
You worshipped Trog.
Trog was pleased with you.
You visited 1 branch of the dungeon, and saw 3 of its levels.

You collected 68 gold pieces.

Inventory:

Hand Weapons
 a - a +0 mace (weapon)
Armour
 b - a +0 animal skin (worn)
 o - a +0 buckler (worn)
Jewellery
 r - an amulet of the acrobat (around neck)
Scrolls
 c - a scroll of fear {unknown}
 d - a scroll of enchant weapon {unknown}
 e - a scroll of fog {unknown}
 f - a scroll of noise {unknown}
 g - 7 scrolls of identify {unknown}
 k - a scroll of vulnerability {unknown}
 p - 3 scrolls of brand weapon {unknown}
 q - a scroll of magic mapping {unknown}
Potions
 h - 2 potions of brilliance {unknown}
 i - a potion of mutation {unknown}
 j - a potion of heal wounds {unknown}
 l - a potion of haste {unknown}
 m - a potion of cancellation {unknown}
 n - 2 potions of curing {unknown}


   Skills:
 + Level 4.9 Fighting
 + Level 4.5 Maces & Flails
 + Level 2.8 Armour
 + Level 2.7 Dodging
 + Level 0.1 Stealth


You had 3 spell levels left.
You didn't know any spells.
Your spell library was empty.

Dungeon Overview and Level Annotations

Branches:
Dungeon (3/15)

Altars:

Annotations:
D:3 Grinder, Robin


Innate Abilities, Weirdness & Mutations

You have a pair of horns on your head.
You reflexively headbutt those who attack you in melee.


Message History

You block the goblin's attack. Grinder hits you.
You writhe in agony.
The goblin hits you with a +0 club.
You closely miss Grinder.
Grinder is moderately wounded.
The goblin hits you but does no damage.
Grinder says, "There's only one good use for a tongue: cutting it out."
Grinder misses you. The goblin hits you but does no damage.
A goblin comes into view. It is wielding a +0 club.
Robin roars a battlecry!
The goblins go into a battle-frenzy!
The goblin closely misses you. The goblin barely misses you.
You hit Grinder. Your headbutt misses Grinder.
Grinder is heavily wounded.
A goblin comes into view. It is wielding a +0 club.
The goblin hits you with a +0 club. The goblin hits you with a +0 dagger.
The goblin closely misses you. You furiously retaliate!
You headbutt the goblin!!
You kill the goblin!
Trog accepts your kill. Grinder hits you.
You writhe in agony.
* * * LOW HITPOINT WARNING * * *
The goblin hits you with a +0 dagger.
* * * LOW HITPOINT WARNING * * *
You closely miss Grinder. Your headbutt misses Grinder.
Grinder is heavily wounded.
Robin throws the goblin at you! The goblin hits you with a +0 dagger.
* * * LOW HITPOINT WARNING * * *
The goblin closely misses you. Grinder gestures at you.
You suddenly lose the ability to move!
The goblin hits you with a +0 club.
* * * LOW HITPOINT WARNING * * *
The goblin hits you with a +0 dagger.
* * * LOW HITPOINT WARNING * * *
Grinder blinks!
The goblin hits you but does no damage. The goblin hits you with a +0 club.
* * * LOW HITPOINT WARNING * * *
The goblin hits you but does no damage.
A goblin comes into view. It is wielding a +0 club.
The goblin hits you with a +0 club.
You die...

.#..######
....#....#
.....?...#
.........# . .
.......# g..
...#...g.##g...
.......ggg.....
#..g@.#
#..ggg......
#...........
##..#5......
... ....#..
##.. ....# #
### ....# #####


You could see Grinder, Robin and 9 goblins.

Vanquished Creatures
  3 gnolls (D:2)
  An adder (D:2)
  A worm (D:2)
  A dart slug (D:2)
  4 endoplasms
  3 giant cockroaches
  7 goblins
  A hobgoblin (D:1)
  4 kobolds (D:1)
  2 quokkas (D:2)
  3 ball pythons
  2 bats (D:1)
  3 frilled lizards (D:1)
  4 rats (D:1)
39 creatures vanquished.

Notes
Turn   | Place    | Note
-------+----------+-------------------------------------------
     0 | D:1      | Decipherer the Minotaur Berserker began the quest for the
                  | Orb.
     0 | D:1      | Reached XP level 1. HP: 19/19 MP: 0/0
   356 | D:1      | Reached XP level 2. HP: 27/27 MP: 1/1
   666 | D:1      | Found a faded altar of an unknown god.
   714 | D:1      | Reached ** piety under Trog
   930 | D:2      | Reached XP level 3. HP: 34/34 MP: 2/2
  1272 | D:2      | Reached XP level 4. HP: 37/41 MP: 3/3
  1543 | D:3      | Noticed Grinder
  1548 | D:3      | Noticed Robin
  1553 | D:3      | Paralysed by Grinder for 2 turns
  1554 | D:3      | HP: 3/61 [goblin/+0 club[Robin] (5)]
  1554 | D:3      | Slain by a goblin

Illustrated notes

Levels and vault maps discovered:
D:1:      erik_arrival_blinker_ship, layout_loops_corners,
          chequers_ecumenical_altar_simple_redux
D:2:      layout_loops_ring
D:3:      layout_rooms, serial_shops, nicolae_shop_window_shopping, uniq_robin,
          uniq_grinder

Skill      XL: |  1  2 |
---------------+-------+-----
Fighting       | 4 |  4.9
Maces & Flails | 4 |  4.5
Armour         | |  2.8
Dodging        | |  2.7
Stealth        | |  0.1

Action                   |  1- 3 |  4- 6 || total
-------------------------+-------+-------++-------
Melee: Mace              |    68 |    13 ||    81
       Headbutt          |    10 |       ||    10
       Punch             |     1 |       ||     1
Invok: Berserk           |       |     1 ||     1
Armor: Animal skin       |     9 |     5 ||    14
Dodge: Dodged            |    42 |    11 ||    53
Block: Buckler           |       |     1 ||     1

Table legend: (Time is in decaauts)
 A = Elapsed time spent in this place.
 B = Non-inter-level travel time spent in this place.
 C = Inter-level travel time spent in this place.
 D = Time resting spent in this place.
 E = Time spent auto-exploring this place.
 F = Levels seen in this place.
 G = Mean time per level.
                   A        B        C        D        E       F      G
               +--------+--------+--------+--------+--------+-----+--------+
         Total |   1568 |   1558 |     10 |      0 |   1317 |   3 |  522.7 |
       Dungeon |   1568 |   1558 |     10 |      0 |   1317 |   3 |  522.7 |
               +--------+--------+--------+--------+--------+-----+--------+

Top non-repeatable levels by time:
     D:1: 829 daAuts
     D:2: 727 daAuts
     D:3: 10 daAuts
